Map: Kairos Junction LE

Players

BratOK (Brat_OK) - Winner!

  • Race: Terran Terran
  • Spawn Location: 11:00

Spazymazy

  • Race: Zerg Zerg
  • Spawn Location: 5:00

Event: 2019 WCS Summer

VOD

Have the link to the VOD?

Description

Time

  • Played on: July 12, 2019, 7:22 a.m.
  • Length: 9:02

All games in this series

Show
View Real Time Build Order
Export as new Build Order

BratOK Terran - Winner!

Build Orders: Reaper Expand 

Get SALT Encoding   

  12  0:00  SCV  
  13  0:13  SCV  
  14  0:17  Supply Depot  
  14  0:25  SCV  
  15  0:38  SCV  
  15  0:39  Barracks  
  16  0:43  Refinery  
  16  0:51  SCV  
  17  1:03  SCV  
  18  1:15  SCV  
  19  1:26  Reaper  
  19  1:27  Orbital Command  
  20  1:39  Command Center  
  20  1:47  Supply Depot  
  20  1:53  SCV  
  21  1:58  Marine  
  22  2:05  SCV  
  22  2:10  Factory  
  22  2:15  Refinery  
  22  2:17  SCV  
  22  2:22  Barracks Reactor  
  23  2:29  SCV  
  24  2:41  SCV  
  25  2:53  SCV  
  25  2:55  Starport  
  26  3:00  Orbital Command  
  26  3:03  Hellion x2  
  26  3:05  SCV  
  31  3:08  Barracks Tech Lab  
  31  3:17  SCV  
  32  3:25  Hellion x2  
  36  3:30  SCV  
  37  3:34  Supply Depot  
  37  3:35  Viking  
  39  3:41  Barracks Tech Lab  
  39  3:42  SCV  
  40  3:50  SCV  
  40  3:53  Siege Tank  
  44  3:56  SCV  
  44  3:58  Supply Depot  
  44  4:01  Marine  
  44  4:02  Stimpack  
  46  4:04  SCV  
  46  4:08  SCV  
  48  4:13  Barracks, Starport Reactor  
  48  4:14  Barracks  
  48  4:18  SCV  
  48  4:20  SCV, Supply Depot  
  50  4:29  Engineering Bay  
  50  4:30  SCV  
  51  4:32  SCV  
  51  4:35  Siege Tank, Refinery  
  55  4:44  Supply Depot  
  55  4:46  Marine  
  55  4:47  SCV x2  
  58  4:58  Supply Depot  
  58  4:59  SCV  
  59  5:01  SCV, Starport Reactor  
  58  5:11  Siege Tank, Marine, SCV  
  58  5:12  Marine x2, Supply Depot  
  58  5:13  Terran Infantry Weapons Level 1  
  65  5:15  SCV  
  66  5:24  Marine x2  
  63  5:28  Bunker  
  63  5:29  Marine x2  
  63  5:30  Supply Depot  
  63  5:31  SCV  
  64  5:36  Marine  
  64  5:42  Marine x2  
  60  5:47  Marine x2  
  61  5:54  Marine  
  54  5:57  SCV  
  54  6:00  Marine x2  
  54  6:03  Orbital Command  
  50  6:05  Marine x2  
  52  6:11  Marine  
  52  6:12  Siege Tank  
  52  6:16  Combat Shield  
  52  6:18  Marine x2  
  58  6:23  Orbital Command, Marine  
  59  6:31  Medivac  
  61  6:37  Medivac  
  61  6:38  Marine  
  62  6:40  Marine  
  62  6:41  Marine  
  62  6:53  Marine  
  62  6:54  Marine  
  62  6:55  SCV x2  
  62  6:56  Marine  
  62  6:57  Marine  
  62  6:59  Marine  
  58  7:05  Medivac  
  60  7:10  Marine  
  60  7:12  Marine, Supply Depot x2  
  62  7:16  Siege Tank, Marine x2  
  62  7:17  Marine  
  62  7:20  SCV  
  62  7:22  Supply Depot  
  69  7:28  Marine  
  70  7:33  Marine  
  70  7:34  Marine x3, SCV x2  
  76  7:45  Medivac x2  
  76  7:46  Marine  
  76  7:51  Marine x2  
  82  7:52  Marine  
  84  7:59  Marine, Supply Depot  
  84  8:04  Marine  
  83  8:09  Marine x3  
  86  8:17  Siege Tank, Marine  
  86  8:18  Medivac  
  88  8:22  Marine  
  88  8:26  Marine  
  87  8:27  Marine x2  
  89  8:35  Marine  
  89  8:39  Marine  
Show
View Real Time Build Order
Export as new Build Order

Spazymazy Zerg 

Build Orders: Pool First 

Get SALT Encoding   

  12  0:00  Drone  
  13  0:12  Overlord  
  13  0:16  Drone  
  14  0:30  Drone x2  
  16  0:43  Spawning Pool  
  16  0:45  Drone  
  16  0:48  Drone  
  17  1:09  Hatchery  
  16  1:12  Drone  
  16  1:17  Drone  
  18  1:25  Extractor  
  17  1:30  Zergling x4  
  17  1:32  Queen  
  19  1:39  Overlord  
  21  1:52  Drone  
  22  2:02  Drone  
  22  2:08  Queen  
  23  2:12  Drone  
  26  2:21  Drone x2  
  27  2:26  Metabolic Boost  
  27  2:30  Spore Crawler  
  26  2:41  Drone  
  28  2:44  Hatchery  
  28  2:45  Drone  
  28  2:51  Queen  
  28  2:54  Drone  
  31  2:59  Overlord  
  31  3:00  Drone  
  31  3:02  Drone  
  31  3:05  Drone  
  34  3:07  Drone  
  34  3:27  Drone x2  
  34  3:29  Queen  
  34  3:30  Extractor  
  34  3:34  Drone x4  
  40  3:35  Overlord  
  40  3:41  Overlord  
  41  3:47  Drone x3  
  44  3:55  Overlord  
  44  3:59  Roach Warren  
  44  4:01  Overlord  
  43  4:05  Overlord  
  43  4:13  Overlord  
  43  4:19  Drone  
  43  4:20  Drone  
  43  4:23  Zergling x4  
  55  4:38  Roach x8  
  55  4:42  Roach  
  55  4:44  Roach  
  67  4:46  Zergling x2  
  67  4:50  Zergling x4  
  67  4:51  Zergling x2  
  71  4:57  Zergling x6  
  74  5:06  Zergling x10  
  76  5:11  Zergling x2  
  77  5:16  Overlord  
  77  5:23  Ravager x2  
  77  5:25  Ravager x3  
  77  5:26  Zergling x8  
  77  5:27  Zergling x4  
  82  5:42  Zergling x2, Roach x2  
  86  5:48  Zergling x2, Roach x2  
  90  5:50  Overlord x2  
  81  6:00  Zergling x4, Roach x2  
  79  6:04  Roach x2  
  79  6:11  Drone  
  79  6:12  Overlord  
  79  6:14  Drone  
  79  6:15  Queen  
  81  6:22  Drone x2  
  81  6:25  Lair  
  83  6:37  Zergling x4, Roach x2  
  82  6:40  Roach  
  82  6:45  Roach  
  82  6:46  Zergling x4, Roach  
  76  6:50  Zergling x6  
  76  6:51  Zergling x4  
  81  6:58  Zergling x4  
  67  7:06  Extractor  
  67  7:08  Extractor  
  65  7:09  Drone x3  
  65  7:13  Drone  
  65  7:14  Drone x3  
  72  7:17  Drone x3  
  75  7:22  Extractor  
  75  7:24  Drone x3  
  73  7:31  Spire  
  73  7:33  Roach  
  73  7:34  Roach  
  76  7:38  Zergling x8  
  76  7:40  Ravager  
  76  7:42  Zergling x6  
  84  7:44  Queen  
  84  7:47  Zergling x6  
  89  7:54  Roach  
  89  7:55  Zergling x2, Roach  
  94  7:58  Overlord  
  94  8:00  Overlord  
  92  8:10  Zergling x2, Roach  
  92  8:11  Zergling x4, Roach  
  90  8:16  Zergling x4, Roach x2  
  87  8:20  Zergling x2, Roach  
  87  8:23  Zergling x2  
  87  8:26  Zergling x2, Roach  
  73  8:36  Zergling x2, Roach x3  
  73  8:42  Zergling x2, Roach x2  
  72  9:01  Extractor  
Tags
 
Add a new tag
Caveats
  • Supply blocks, unpowered buildings, or Contaminate may cause inaccurate times.
  • Supply counts are checked every 10 seconds.